[Event "European Chess Club Cup 2022"]
[Site "Mayrhofen"]
[Date "2022.10.06"]
[Round "4"]
[White "Carlsen, Magnus"]
[Black "Harikrishna, Pentala"]
[Result "1-0"]
[WhiteElo "2856"]
[BlackElo "2717"]
[ECO "A20"]
[EventDate "2022.??.??"]
[Annotator "rafael"]
[PlyCount "85"]
[Beauty "7490980828680"]
[EventType "team-tourn"]
[TimeControl "5400+30"]

1.c4 e5 2.g3 c6 {A variation of the English Opening that is being discussed a lot these days.} 3.d4 {This move is usually Carlsen's choice, while Ding prefers 3.Nf3. As it turns out, some opening choices are a matter of taste.} ( 3.Nf3 {Ding lost a painful game in the first round of the Candidates Tournament with his favorite move.} 3...e4 4.Nd4 d5 5.cxd5 Qxd5 6.Nc2 Nf6 7.Nc3 Qe5 {Ding-Nepomniachtchi, Madrid 2022.} ) 3...Bb4+ ( 3...e4 {is the main move.} ) 4.Bd2 Bxd2+ 5.Qxd2 d6 6.Nc3 Nf6 7.e4 {Interestingly, only one game had been played with this move. It's not surprising that almost everyone prefers to develop the bishop on g2—what could be more natural than that $2 But Carlsen doesn't play like us mere mortals.} ( 7.Bg2 ) 7...O-O 8.Nge2 ( 8.Bg2 {Now the game gains an original character. 8.Bg2 still transposes to the known lines.} ) 8...b5 $1 {An excellent reaction. Harikrishna takes advantage of the fact that the e4-pawn needs protection.} 9.cxb5 cxb5 10.a3 {Played after a long deliberation. The alternatives don't promise an advantage.} ( 10.dxe5 dxe5 11.Qxd8 Rxd8 12.Nxb5 Nc6 {and Black has excellent compensation for the sacrificed pawn.} ) ( 10.Bg2 b4 11.Nd5 Nxd5 12.exd5 exd4 13.O-O d3 $1 14.Qxd3 ( 14.Nd4 Qb6 ) 14...Ba6 15.Qd2 Bxe2 16.Qxe2 Nd7 {and the knight arrives on c5. Black has a great position.} ) 10...a5 ( 10...Nc6 {is a good alternative.} 11.Bg2 Qb6 {with a balanced position.} ) 11.Bg2 Bb7 $6 ( 11...Nc6 {is more accurate.} 12.d5 Na7 13.O-O Bd7 14.b4 Nc8 $1 {Followed by Nb6, with a good position.} ) 12.O-O b4 {Black's plan to advance the b-pawn quickly creates some weaknesses.} 13.axb4 axb4 14.Nd5 Nxd5 {It is difficult to say which piece should be used to capture the d5-knight. I would have played the same move Harikrishna played, but the computer prefers to take it with the bishop.} ( 14...Bxd5 15.exd5 Rxa1 16.Rxa1 Qb6 {with a slight advantage for White.} ) 15.exd5 Qb6 16.Rxa8 Bxa8 17.dxe5 dxe5 {It's time to evaluate the position. White has a strong passed pawn on d5, but it can also become a target. It's not clear that there is an advantage until we look at the wonderful move that is played now.} 18.g4 $3 {Maybe it's an exaggeration to assign two exclamation marks, but I love this kind of move. The idea is to bring the knight into the game. Chess players don't like to advance pawns in front of the king, but sometimes it's necessary.} 18...Nd7 19.Ng3 g6 {This move is necessary to give the king some air and prevent the white knight from jumping.} 20.Rc1 ( 20.Rd1 $1 {is more accurate, as becomes clear if we continue the analysis in a similar way to what happened in the game.} 20...Rd8 21.Ne4 Nf6 $6 22.Nxf6+ Qxf6 23.Qxb4 {and here White has a decisive advantage because the d5-pawn is protected.} ) 20...Rd8 21.Ne4 Nf6 $5 ( 21...Qd4 $6 {Another advantage of the rook on d1 is to prevent this move.} 22.Qxd4 exd4 23.Rd1 Bxd5 24.Rxd4 Bxe4 25.Bxe4 Re8 26.Rxb4 {and White should win this endgame.} ) ( 21...Kg7 $5 {is also a good try.} ) 22.Nxf6+ Qxf6 23.Rc5 ( 23.Qxb4 $6 {Black's idea is that this move is now a mistake.} 23...Bxd5 ( 23...e4 $5 {is probably even better.} ) 24.Bxd5 Rxd5 {with a probable draw.} ) 23...Qb6 ( 23...Qd6 $1 {is an excellent try.} 24.Qe3 ( 24.Qxb4 e4 $1 {Of course, this is a computer idea, nearly impossible to find. Black now has enough counterplay.} 25.Rb5 ( 25.Bxe4 Qf4 $1 {is Black's idea.} ) 25...Bxd5 {and Black should escape.} ) 24...f5 25.gxf5 gxf5 26.Ra5 Rc8 {with good drawing chances.} ) 24.Qe3 ( 24.Qc1 {is also possible.} ) 24...Qa7 25.Qc1 Bb7 26.h4 $1 {Another excellent move, creating problems for Black on the kingside.} 26...Qb6 27.h5 h6 {A sad but necessary move—otherwise, White puts the pawn on h6 and creates mating threats.} 28.Qe3 ( 28.hxg6 {looks very promising.} 28...Qxg6 ( 28...fxg6 29.Qc4 {and the black king is in trouble.} ) 29.Rb5 $1 {threatening 30.Rxb4 and 30.Qc7.} ) 28...gxh5 $2 {This move loses thanks to a nice tactical theme.} ( 28...Rd6 $1 {is the best chance.} ) 29.Rc8 $1 {Now White wins material.} 29...Qd6 ( 29...Qxe3 30.Rxd8+ ) 30.Rxd8+ Qxd8 31.Qxh6 $1 Bxd5 ( 31...hxg4 32.Be4 Bxd5 33.Qh7+ Kf8 34.Qh8+ Ke7 35.Qxd8+ Kxd8 36.Bxd5 {wins the bishop.} ) 32.Qd2 $1 {White's queen has played a tremendous role and will finally reap the reward.} 32...hxg4 33.Qxd5 Qxd5 34.Bxd5 {The endgame is easily winning.} 34...Kg7 35.Kg2 f5 36.Kg3 Kf6 37.Kh4 e4 38.Bc6 Ke5 39.Kg3 Kd4 40.Kf4 Kd3 41.Kxf5 e3 42.fxe3 Kxe3 43.b3 $1 {The only winning move. Another great game in Carlsen's trademark style.} ( 43.Kxg4 $4 b3 $1 {and the game would finish in a draw as the b-pawn cannot be protected.} ) ( 43.b3 $1 g3 44.Kg4 Kf2 45.Kh3 $18 ) 1-0

[Event "European Chess Club Cup 2022"]
[Site "Mayrhofen"]
[Date "2022.10.07"]
[Round "5"]
[White "Harikrishna, Pentala"]
[Black "Anand, Viswanathan"]
[Result "1-0"]
[WhiteElo "2717"]
[BlackElo "2756"]
[ECO "E04"]
[EventDate "2022.??.??"]
[Annotator "rafael"]
[PlyCount "103"]
[Beauty "6873424068616"]
[EventType "team-tourn"]
[TimeControl "5400+30"]

{It's interesting to have a duel between two Indian GMs in the European Club Cup. These days a chess player friend asked me how Anand was playing in the tournament. My answer was: the same way Neymar plays the Champions League $1} 
1.d4 Nf6 2.c4 e6 3.Nf3 d5 {No major tournament passes without the Catalan Opening being played.} 4.g3 dxc4 5.Bg2 c5 {There are many ways to face the Catalan and Anand's choice is considered one of the best.} 6.O-O Nc6 7.Qa4 {Much more interesting, at least for viewers, than 7.dxc5, which leads to an endgame with a lot of draws. 7.Ne5 is also an interesting move.} ( 7.dxc5 Qxd1 8.Rxd1 Bxc5 9.Nbd2 c3 10.bxc3 O-O ) ( 7.Ne5 $5 ) 7...Bd7 ( 7...cxd4 8.Nxd4 Qxd4 9.Bxc6+ Bd7 10.Rd1 {is considered better for White by current opening theory.} ) 8.Qxc4 b5 $1 9.Qc3 $5 {Much less played than 9. Qd3, but the c3-square has been the choice of several strong GMs recently.} ( 9.Qd3 c4 10.Qd1 Rc8 {The opening theory is just getting started in this position. There are more than 200 games in my database.} ) 9...b4 10.Qd3 {The queen's dribble has the undeniable merit of avoiding the c4 move for Black.} 10...Rc8 11.dxc5 Bxc5 12.Nbd2 O-O 13.Nb3 Bb6 14.Be3 {Up to now Harikrishna played very fast, indicating he was still \"in book.\"} 14...Ne7 {A new move. Based on the time Anand took to play it, I suppose it was more of an over-the-board inspiration than a prepared novelty.} ( 14...Bxe3 15.Qxe3 Nd5 {This is a natural and critical sequence.} ( 15...Qb6 {This move also occurred to me. As in the game, it's difficult to say how weak the doubled pawns are.} 16.Qxb6 axb6 17.Rfc1 {with a slight advantage for White.} ) ) ( 14...e5 {was played in Shankland-Aronian, Kolkata (rapid) 2021.} ) 15.Ne5 Ba4 $1 16.Qxd8 ( 16.Qa6 $5 {is a serious alternative.After} 16...Bxb3 17.Bxb6 axb6 18.axb3 {Black should play} 18...Qd2 $1 {and White has only a slight advantage.} ) 16...Rfxd8 17.Bxb6 axb6 18.Rfc1 {An interesting endgame. White has a clear plan: switch rooks and maneuver a knight to attack the b4-pawn.} 18...Nd7 19.Rxc8 Rxc8 20.Nxd7 Bxd7 21.Rc1 $1 {Following the plan.} 21...e5 22.Rxc8+ Nxc8 23.Nc1 Nd6 {Anand decides to sacrifice the b4-pawn, but I have my doubts if this is necessary.} ( 23...Bb5 {looks better, avoiding 24.Nd3.} 24.f4 exf4 25.gxf4 Kf8 26.Kf2 Ke7 {with a slightly better endgame for White, but it should be defensible.} ) 24.Nd3 b3 25.axb3 f6 ( 25...e4 {also deserves consideration.} ) 26.Bd5+ Kf8 27.e4 ( 27.f4 {is more accurate.} ) 27...Ke7 28.f4 {this move is a bit rushed, and now Black has excellent drawing chances.} ( 28.Nb4 ) 28...exf4 29.Nxf4 ( 29.gxf4 {now Black has a forced draw.} 29...Be6 $1 30.Nb4 Kd7 31.Kf2 Bxd5 32.Nxd5 Nxe4+ 33.Ke3 Nc5 34.Nxb6+ Kc6 35.Nc4 Nxb3 {with a draw.} ) 29...g5 $1 30.Ne2 f5 ( 30...Nc8 $5 {followed by Kd6 should be enough for a draw.} ) 31.e5 Ne8 $2 {This is the only real mistake in the entire game. Unfortunately for Anand, the game is now lost.} ( 31...Nf7 $1 32.Bxf7 Kxf7 33.Nd4 {The endgame seems lost, but the computer is here to save us.} 33...f4 $1 34.gxf4 gxf4 35.Kf2 Bg4 $1 {The bishop is activated, and Black has a fortress.} ) 32.Nd4 {Black has no active plan, and Harikrishna, a player with sublime endgame technique, has no problems converting the advantage.} 32...Ng7 33.Kf2 h6 34.Ke3 Be8 35.Bc4 Bd7 36.b4 $1 Bc8 37.Bd5 Bd7 38.Bb3 Kd8 39.Bc2 Ke7 40.Bd3 Kf7 41.b5 $1 {Ensuring a strong point for the knight on c6.} 41...Ke7 42.Nc6+ Ke8 43.Nb4 Be6 44.Nc6 ( 44.Kd4 $1 {with the idea of 45.Bc4. is even better, according to the machine.} ) 44...Kd7 45.Nd4 Ke7 46.Bc2 Bd7 47.Bb3 Kd8 48.Nc6+ Kc7 49.Bd5 Ne6 50.Bxe6 $1 Bxe6 51.Nd4 Kd7 52.h4 $1 {The last detail. White will break Black's pawn structure on the kingside, place the king on f4, and gain more material.} ( 52.h4 Ke7 53.Nf3 $1 ) 1-0

[Event "E Women's Candidates Tournament 2022"]
[Site "Monaco"]
[Date "2022.10.28"]
[Round "3"]
[White "Lei, Tingjie"]
[Black "Muzychuk, Mariya"]
[Result "1/2-1/2"]
[WhiteElo "2535"]
[BlackElo "2527"]
[ECO "D11"]
[EventDate "2022.??.??"]
[Annotator "rafael"]
[PlyCount "120"]
[Beauty "5086046587402"]
[EventType "team-tourn"]
[EventCountry "FID"]
[TimeControl "5400+30"]

1.d4 d5 2.c4 c6 3.Nf3 Nf6 4.e3 {When I was a tournament player I loved playing this opening with both colors. It leads to the kind of long-term strategic battle that I've always enjoyed. That's exactly what we'll see in this game.} 4...Bg4 {Of course there are other options here. Against 4...e6, White usually tries to prove the advantages of not having the knight already developed on c3, although I have never quite understood what those advantages are. In any case, the Black players can hardly resist the temptation to develop the c8-bishop, something they cannot do most of the time in the normal lines of the Semi-Slav Defense. The other very popular option is 4...Bf5, and that was usually my choice back in the days when I played this variation.} ( 4...e6 ) ( 4...Bf5 ) 5.h3 Bh5 6.Qb3 {This move is far less popular than 6.Nc3. It's clear that Lei came well prepared.} ( 6.Nc3 ) 6...Qb6 7.cxd5 {For some reason this natural move is almost new here. Considering that Black has to play very carefully, I expect new battles soon in this position.} ( 7.Nc3 ) 7...cxd5 $6 {This move is inaccurate and leads to an inferior position. It's necessary to exchange the queens first and then capture the d-pawn with the knight.} ( 7...Qxb3 8.axb3 Bxf3 ( 8...Nxd5 {is also possible and is probably the best choice.} ) 9.gxf3 Nxd5 10.Bd2 {Belous - Raznikov, Kenner 2016.} ) 8.Qxb6 axb6 9.Bb5+ Nfd7 {The first new move in the game.} ( 9...Nc6 10.Ne5 Rc8 $2 ( 10...Nd7 {is necessary and we will see this position later in our analysis.} ) 11.Nc3 {White has a winning plan with the knight going to a4 and attacking the b6-pawn. Belous-Deleon, 2021.} ) 10.Nc3 {This is not a bad move, but White has interesting alternatives.} ( 10.g4 Bg6 11.Nc3 e6 12.Ne5 Bd6 13.Nxg6 hxg6 {This position is better for White but it seems to me that it's possible to achieve more than this.} ) ( 10.Ne5 {is a dangerous move to meet.} 10...Nc6 $1 {is necessary and we will see this position later in our analysis.} ( 10...f6 $6 11.Nxd7 Nxd7 12.Nc3 e6 13.O-O {This position is much better for White because of the pin and the plan of opening the position with e3-e4.} ) ( 10...e6 11.Nxd7 Nxd7 12.Nc3 Bd6 13.Bd2 Ke7 14.Na4 {This plan is very unpleasant and highlights the weakness of the b6-pawn.} ) 11.Nxd7 $1 ( 11.Nxc6 bxc6 12.Bxc6 Rc8 13.Bxd7+ Kxd7 14.Nc3 e6 {and Black has good drawing chances as the bishop pair somehow compensates the missing pawn.} ) 11...Kxd7 12.e4 $1 e6 13.exd5 exd5 14.Nc3 Bb4 15.O-O Bxc3 16.bxc3 {White is better due to the bishop pair and safer king.} ) 10...Bxf3 $1 {It's good to eliminate this knight once and for all.} ( 10...e6 11.Ne5 ) 11.gxf3 e6 {It is undeniable that White has the advantage in this endgame, with the bishop pair and better pawn structure. My impression is that Lei should have played more actively to increase the advantage.} 12.Bd2 ( 12.e4 $5 Nc6 13.Be3 Bb4 14.Ke2 {with an advantage for White.} ) 12...Nc6 13.Ke2 Bd6 14.Rac1 Ke7 {For now, both players develop the pieces naturally.} 15.Na4 Rac8 16.Kd3 {I definitely don't like this move, as I don't see how it helps White.} ( 16.Rc3 {Followed by doubling the rooks in the c-file, it looks better.} ) 16...f5 17.Rhg1 g6 18.f4 Rhg8 19.Rc2 Rc7 20.Rcc1 {A strange move. There is nothing wrong with continuing the plan to double down on the column.} ( 20.Rgc1 Rgc8 21.Be1 {White has the advantage and can continue to maneuver without risk.} ) 20...Kf7 21.Ke2 Rgc8 22.f3 Ncb8 23.Rxc7 Rxc7 24.Bc3 ( 24.Rc1 Rxc1 25.Bxc1 Nc6 {and Black must get the draw.} ) 24...Rc8 25.Kd2 h6 $5 {Starting a plan with / Be7 followed by the pawn advance to g5.} 26.b3 ( 26.h4 Be7 27.Rh1 {Avoids Black's plan, although the rook for now is tied to the protection of the h-pawn.} ) 26...Be7 27.Nb2 g5 $1 28.Nd3 Nc6 29.Rc1 $6 {Yielding the g-file. White could start a queenside pawn advance with a4-b4-a5, while keeping the rook on a better square.} ( 29.a4 Rc7 ) 29...gxf4 30.Nxf4 Rg8 {Now Black not only equalizes but can even play for a win.} 31.Ke2 Ba3 32.Rd1 Bd6 33.Nd3 $6 {It's dangerous to let the rook enter on g2.} ( 33.Kf2 Bxf4 34.exf4 {and I don't see how Black can exploit White's damaged pawn structure.} ) 33...Rg2+ 34.Nf2 Nf6 35.Rc1 $2 ( 35.Be1 $1 {is better, although the position is already pretty dangerous.} ) 35...f4 $1 {Now Black is winning.} 36.Bd2 fxe3 ( 36...Ne7 $1 {is also very good.} ) 37.Bxe3 Ne7 38.Bd3 Nh5 39.Kf1 Rg3 40.Ke2 Nc6 ( 40...Nf4+ 41.Bxf4 Bxf4 42.Rd1 h5 {also wins. White is paralyzed and has too many weaknesses.} ) 41.Rd1 Nf4+ 42.Bxf4 Bxf4 43.Bb5 Ke7 $2 {Black must not allow the capture of the c6-knight.} ( 43...Nb4 $1 {leads to a pretty win after} 44.a3 ( 44.Nd3 Nxd3 45.Bxd3 Rxh3 {with an easy win.} ( 45...Rg2+ 46.Kf1 Rxa2 $19 ) ) 44...Na2 $1 {and this proves that not all knights on the rim are dim.} ) 44.Bxc6 $1 bxc6 45.b4 Bd6 46.Rc1 Kd7 47.Nd3 $5 {When defending a strategically difficult position, you should be aware of the possibility of activating the game at the cost of material. Often this is the only practical chance to escape.} 47...Rxh3 $2 {Now White gets good drawing chances.} ( 47...Rg2+ $1 {is better.} 48.Ke3 ( 48.Nf2 $2 Bxb4 ) 48...Rxa2 49.Rg1 Ke7 $1 {With accurate play Black should win this position, although it won't be that easy.} ) 48.a4 $1 Rh2+ 49.Ke3 Ra2 50.b5 cxb5 ( 50...c5 {is the last attempt to win, but the resulting position is a theoretical draw (which does not mean a draw in practice).} 51.dxc5 bxc5 52.Nxc5+ Bxc5+ 53.Rxc5 Rxa4 54.b6 Rb4 55.Rc7+ Kd6 56.Rh7 Rxb6 57.Rxh6 ) 51.axb5 Ra5 52.Rh1 $1 Rxb5 53.Rxh6 {White has enough activity for a smooth draw.} 53...Rb1 54.Rh7+ Ke8 55.f4 $1 b5 56.Rh6 Kd7 ( 56...Ke7 57.Rh7+ Kf6 58.Rd7 ) 57.Rh7+ Kc6 58.Rh6 Kd7 59.Rh7+ Kc6 60.Rh6 Kd7 ( 60...b4 61.Rxe6 b3 62.Kd2 $1 {The only move, but good enough.} ) 1/2-1/2